 Dungeon Crawl Stone Soup version 0.30-a0-371-gad7725a93e (webtiles) character file.

Game seed: 10961068601214173063

189 Drevant2 the Caller (level 5, 0/22 (24) HPs)
             Began as a Vine Stalker Summoner on Nov 22, 2022.
             Succumbed to a scorpion's poison
             ... on level 5 of the Dungeon.
             The game lasted 00:12:59 (4537 turns).

Drevant2 the Caller (Vine Stalker Summoner)         Turns: 4537, Time: 00:12:59

HP:   0/22 (24)     AC:  3    Str: 11    XL:     5   Next: 68%
MP:   6/11          EV: 12    Int: 17    God:
Gold: 216           SH:  0    Dex: 14    Spells: 6/10 levels left

rFire   . . .      SeeInvis .    n - +2 dagger (freeze)
rCold   . . .      Faith    .    (no shield)
rNeg    . . .      Spirit   +    a - +0 robe
rPois   .          Reflect  .    (no helmet)
rElec   .          Harm     .    (no cloak)
rCorr   .          Rampage  .    o - +0 pair of gloves
Will    .....                    (no boots)
Stlth   +++.......               (no amulet)
HPRegen 1.03/turn                (no ring)
MPRegen 0.12/turn                (no ring)

@: brilliant, lethally poisoned (0 -> -6), drained
A: fangs 2, regeneration 1, magic shield, antimagic bite, no potion heal 2
a: no special abilities


You were on level 5 of the Dungeon.
You visited 1 branch of the dungeon, and saw 5 of its levels.

You collected 216 gold pieces.

Inventory:

Hand Weapons
 c - a +0 short sword
 n - a +2 dagger of freezing (weapon)
Armour
 a - a +0 robe (worn)
 o - a +0 pair of gloves (worn)
Jewellery
 p - a ring of protection from fire
 t - a ring of resist corrosion
Wands
 k - a wand of polymorph (11)
Scrolls
 d - a scroll of enchant weapon {unknown}
 e - a scroll of vulnerability {unknown}
 g - a scroll of acquirement {unknown}
 h - 4 scrolls of teleportation {unknown}
 j - 3 scrolls of fog {unknown}
 l - 2 scrolls of immolation {unknown}
 m - a scroll of silence {unknown}
 q - a scroll of torment {unknown}
 r - a scroll of enchant armour {unknown}
 s - a scroll of identify {unknown}
 u - a scroll of fear {unknown}
Potions
 b - a potion of magic
 f - a potion of brilliance
 i - a potion of curing


   Skills:
 - Level 1.5 Dodging
 + Level 4.1 Stealth
 + Level 3.4 Spellcasting
 * Level 5.5 Summonings


You had 6 spell levels left.
You knew the following spells:

 Your Spells              Type           Power      Damage    Failure   Level
a - Summon Small Mammal   Summ           100%       N/A       1%          1
b - Call Canine Familiar  Summ           32%        N/A       4%          3

Your spell library contained the following spells:

 Spells                   Type           Power      Damage    Failure   Level
 Call Imp                 Summ           32%        N/A       2%          2
 Summon Guardian Golem    Hex/Summ       18%        N/A       16%         3
 Cigotuvi's Dreadful Rot  Necr/Pois/Air  8%         N/A       26%         2
 Poisonous Vapours        Pois/Air       8%         N/A       26%         2
 Mephitic Cloud           Conj/Pois/Air  4%         N/A       45%         3
 Summon Lightning Spire   Summ/Air       18%        N/A       47%         4


Dungeon Overview and Level Annotations

Branches:
Dungeon (5/15)
 Temple: D:4-7

Altars:
Elyvilon
Vehumet

Annotations:
D:5 Edmund


Innate Abilities, Weirdness & Mutations

You have extremely sharp teeth.
Your natural rate of healing is unusually fast.
When hurt, damage is shared between your health and your magic reserves.
Your bite disrupts and absorbs the magic of your enemies.
Potions cannot restore your health.


Message History

Unknown command.
Magic courses through your body. The scorpion stings you.
* * * LOW HITPOINT WARNING * * *
You are lethally poisoned!
The scorpion poisons you!
Your system rejects the healing.
You feel better. The scorpion barely misses you.
Casting: Call Canine Familiar (quite dangerous; 4% risk of failure)
Confirm with . or Enter, or press ? or * to list all spells.
The spell is quite dangerous to miscast (4% risk of failure)!
Continue anyway? [Y]es or [N]o only, please.
The spell is quite dangerous to miscast (4% risk of failure)!
Continue anyway?
Okay, then.
Casting: Call Canine Familiar (quite dangerous; 4% risk of failure)
Confirm with . or Enter, or press ? or * to list all spells.
You don't know that spell.
Unknown command.
Casting: Call Canine Familiar (quite dangerous; 4% risk of failure)
Confirm with . or Enter, or press ? or * to list all spells.
Okay, then.
Casting: Call Canine Familiar (quite dangerous; 4% risk of failure)
Confirm with . or Enter, or press ? or * to list all spells.
You don't know that spell.
Casting: Call Canine Familiar (quite dangerous; 4% risk of failure)
Confirm with . or Enter, or press ? or * to list all spells.
The spell is quite dangerous to miscast (4% risk of failure)!
Continue anyway?
You feel a surge of power! The scorpion stings you.
* * * LOW HITPOINT WARNING * * *
You hit the scorpion. You freeze the scorpion. Your bite misses the scorpion.
The scorpion is severely wounded.
The scorpion stings you but does no damage.
Your hound barely misses the necrophage.
The scorpion stings you.
* * * LOW HITPOINT WARNING * * *
You are lethally poisoned!
The scorpion poisons you!
You hit the scorpion. You freeze the scorpion. You bite the scorpion.
You drain its power.
You feel invigorated.
The scorpion is almost dead.
You die...

#. #.##### ...#.'
#'#.### #...[.#
##+##.....#
#...#..nh.#
#+#...#'#s###
#.......#@+
###...#####
#.+...'.#
#+#.#####.#+# #
#.....#.....#
.##+##.....'.....#
.#...#.....#.....#
+#...#'#.#####.#+#
.......#.+ +.#


You could see a necrophage (ally target), a scorpion and a friendly hound
(summoned).

Vanquished Creatures
  An orc wizard (D:3)
  3 adders
  5 gnolls
  A dart slug (D:2)
  3 orcs
  4 bats
  4 endoplasms
  A giant cockroach (D:1)
  6 goblins
  4 hobgoblins
  3 jackals (D:4)
  5 quokkas
  6 ball pythons
  2 frilled lizards
  3 kobolds
  4 rats
55 creatures vanquished.

Vanquished Creatures (collateral kills)
  An adder (D:3)
  A worm (D:2)
  A dart slug (D:1)
  2 bats
  An endoplasm (D:1)
  3 hobgoblins
  2 kobolds
  A quokka (D:1)
  A frilled lizard (D:1)
  A rat (D:1)
14 creatures vanquished.

Grand Total: 69 creatures vanquished

Notes
Turn   | Place    | Note
-------+----------+-------------------------------------------
     0 | D:1      | Drevant2 the Vine Stalker Summoner began the quest for the
                  | Orb.
     0 | D:1      | Reached XP level 1. HP: 9/9 MP: 4/4
   333 | D:1      | Reached XP level 2. HP: 13/13 MP: 6/6
  1035 | D:1      | Reached XP level 3. HP: 15/16 MP: 7/7
  1261 | D:2      | Learned a level 3 spell: Call Canine Familiar
  2213 | D:3      | Gained mutation: Your natural rate of healing is unusually
                  | fast. [Vine Stalker growth]
  2213 | D:3      | Reached XP level 4. HP: 21/21 MP: 7/9
  2749 | D:3      | Reached skill level 5 in Summonings
  2834 | D:3      | Found a white marble altar of Elyvilon.
  3153 | D:4      | Reached XP level 5. HP: 19/24 MP: 8/10
  3184 | D:4      | Noticed a phantom
  3242 | D:4      | Noticed an ogre
  3451 | D:2      | HP: 1/24 [gnoll/+0 flail (10)]
  4402 | D:4      | Found a radiant altar of Vehumet.
  4451 | D:5      | Entered Level 5 of the Dungeon
  4532 | D:5      | Noticed Edmund
  4537 | D:5      | Succumbed to a scorpion's poison

Illustrated notes

Levels and vault maps discovered:
D:1:      eino_arrival_cavern_b, layout_basic
D:2:      layout_loops_ring, grunt_decor_arrowhead
D:3:      layout_loops_ring, mainiacjoe_overflow_chevrons,
          dreamdust_wishing_well, chequers_serial_rivers_marsh
D:4:      layout_layer_cave, nicolae_overflow_hidden_temple
D:5:      nicolae_cairo_tiling_large, layout_loops_ring,
          nicolae_sif_muna_little_library, uniq_crazy_yiuf_cottage,
          uniq_sigmund, uniq_pikel, uniq_edmund

Skill      XL: |  1  2  3  4  5 |
---------------+----------------+-----
Stealth        | 3 4 |  4.1
Spellcasting   | 3 |  3.4
Summonings     | 5 |  5.5
Dodging        | |  1.5

Action                   |  1- 3 |  4- 6 || total
-------------------------+-------+-------++-------
Melee: Unarmed           |    94 |       ||    94
       Bite              |    32 |    28 ||    60
       Punch             |     3 |     2 ||     5
       Short sword       |    37 |     8 ||    45
       Dagger            |       |   110 ||   110
 Cast: Summon Small Mamm |    25 |     9 ||    34
       Call Canine Famil |       |     2 ||     2
  Use: Scroll            |     1 |       ||     1
       Potion            |       |     5 ||     5
 Stab: Sleeping          |     8 |     3 ||    11
Armor: Robe              |    20 |    32 ||    52
Dodge: Dodged            |    90 |    78 ||   168

Table legend: (Time is in decaauts)
 A = Elapsed time spent in this place.
 B = Non-inter-level travel time spent in this place.
 C = Inter-level travel time spent in this place.
 D = Time resting spent in this place.
 E = Time spent auto-exploring this place.
 F = Levels seen in this place.
 G = Mean time per level.
                   A        B        C        D        E       F      G
               +--------+--------+--------+--------+--------+-----+--------+
         Total |   4554 |   3372 |   1182 |    783 |   1585 |   5 |  910.8 |
       Dungeon |   4554 |   3372 |   1182 |    783 |   1585 |   5 |  910.8 |
               +--------+--------+--------+--------+--------+-----+--------+

Top non-repeatable levels by time:
     D:3: 1427 daAuts
     D:2: 1172 daAuts
     D:1: 1138 daAuts
     D:4: 731 daAuts
     D:5: 85 daAuts
